 Dungeon Crawl Stone Soup version 0.19.0-23-gf02e663 (webtiles) character file.

71 Rrauwl the Slasher (level 4, -8/35 HPs)
             Began as a Human Fighter on Nov 20, 2016.
             Was a Believer of Dithmenos.
             Mangled by Crazy Yiuf
             ... wielding a +4 quarterstaff of chaos
              (13 damage)
             ... on level 3 of the Dungeon.
             The game lasted 00:10:02 (1513 turns).

Rrauwl the Slasher (Human Fighter)                  Turns: 1513, Time: 00:10:03

Health: -8/35      AC:  6    Str: 21    XL:     4   Next: 47%
Magic:  4/4        EV:  7    Int:  9    God:    Dithmenos [**....]
Gold:   85         SH:  9    Dex: 13    Spells: 0 memorised, 3 levels left

rFire  . . .     SeeInvis .     a - +1 long sword
rCold  . . .     Gourm    .     b - +0 scale mail
rNeg   . . .     Faith    .     c - +0 shield
rPois  .         Spirit   .     (no helmet)
rElec  .         Reflect  .     (no cloak)
rCorr  .         Harm     .     (no gloves)
MR     .....                    (no boots)
Stlth  ..........               (no amulet)
                                (no ring)
                                (no ring)

@: mighty, wreathed by umbra, drained
A: no striking features
a: Shadow Step, Renounce Religion


You were on level 3 of the Dungeon.
You worshipped Dithmenos.
Dithmenos was pleased with you.
You were not hungry.

You visited 1 branch of the dungeon, and saw 3 of its levels.

You collected 85 gold pieces.

Inventory:

Hand Weapons
 a - a +1 long sword (weapon)
Missiles
 e - 83 arrows
Armour
 b - a +0 scale mail (worn)
 c - a +0 shield (worn)
Scrolls
 g - 3 scrolls of enchant weapon
 l - a scroll of identify
Potions
 j - a potion of brilliance
Comestibles
 f - a bread ration
 h - a meat ration
 k - a beef jerky
 m - a slice of pizza


   Skills:
 - Level 3.0(2.8) Fighting
 + Level 4.2(3.9) Long Blades
 - Level 3.0(2.8) Armour
 - Level 3.0(2.8) Shields


You had 3 spell levels left.
You didn't know any spells.

Dungeon Overview and Level Annotations

Branches:
Dungeon (3/15)

Altars:
Dithmenos
Ru

Annotations:
D:3 Crazy Yiuf


Message History

You hit Crazy Yiuf but do no damage.
Crazy Yiuf hits you with a quarterstaff of chaos.
You feel drained.
You hit Crazy Yiuf.
Crazy Yiuf is moderately wounded.
Crazy Yiuf hits you but does no damage.
You barely miss Crazy Yiuf.
Crazy Yiuf is moderately wounded.
Crazy Yiuf hits you with a quarterstaff of chaos!
You are electrocuted!
* * * LOW HITPOINT WARNING * * *
Crazy Yiuf barely misses you.
You riposte.
You closely miss Crazy Yiuf.
Crazy Yiuf is moderately wounded.
Crazy Yiuf laughs, "Cholesterol action mumblescurry!"
You feel very mighty all of a sudden.
You are too injured to fight recklessly!
You slash Crazy Yiuf!
Crazy Yiuf is heavily wounded.
Crazy Yiuf hits you with a quarterstaff of chaos!
You die...

#'# ############# ♣♣.♣
#............ ♣g♣♣
########.#### ♣♣.♣ #.#
♣.♣♣ #.# ♣♣.♣♣ #.#
♣...♣♣ #.# ♣...g♣ #.# .
#...@# ########.#
....###....####.......>#
#.........#...........#
####.###..#.###########
#....#.#.#.......#
###...#.#.#.......#
#.......#.#.......#
#.#...#.#.#.......# #
#...#...'.......#


You could see Crazy Yiuf.

Vanquished Creatures
  4 adders
  A dart slug (D:1)
  2 bats
  2 giant cockroaches (D:2)
  6 hobgoblins
  A quokka (D:3)
  A ball python (D:1)
  3 frilled lizards
  4 goblins
  6 kobolds
  A quokka zombie (D:3)
  3 rats
34 creatures vanquished.

Notes
Turn   | Place    | Note
-------+----------+-------------------------------------------
     0 | D:1      | Rrauwl the Human Fighter began the quest for the Orb.
     0 | D:1      | Reached XP level 1. HP: 18/18 MP: 1/1
   345 | D:1      | Reached XP level 2. HP: 20/24 MP: 2/2
   700 | D:2      | Found a faded altar of an unknown god.
   710 | D:2      | Became a worshipper of Dithmenos the Shadowed
   710 | D:2      | Reached * piety under Dithmenos
   794 | D:2      | Reached skill level 3 in Long Blades
   811 | D:2      | Found a sacrificial altar of Ru.
   837 | D:2      | Reached XP level 3. HP: 11/29 MP: 3/3
  1230 | D:2      | Reached XP level 4. HP: 26/35 MP: 4/4
  1288 | D:2      | Reached skill level 4 in Long Blades
  1392 | D:3      | Reached ** piety under Dithmenos
  1495 | D:3      | Found a runed door.
  1499 | D:3      | Noticed Crazy Yiuf
  1513 | D:3      | Mangled by Crazy Yiuf

Skill      XL: |  1  2  3  4 |
---------------+-------------+-----
Long Blades    | 3 4 |  4.2
Fighting       | |  3.0
Armour         | |  3.0
Shields        | |  3.0

Action                   |  1- 3 |  4- 6 || total
-------------------------+-------+-------++-------
Melee: Long sword        |    80 |    38 ||   118
  Use: Scroll            |     3 |     3 ||     6
       Potion            |     3 |     2 ||     5
  Eat: Fruit             |     2 |       ||     2
Armor: Scale mail        |    33 |    14 ||    47
Dodge: Dodged            |    20 |    13 ||    33
Block: Shield            |    44 |    14 ||    58
       Rpst.: Long sword |     8 |     4 ||    12
